BlackHawks vs Senators

Created - February 7, 2017 at 17:32

Goals
1 2 3 T
BlackHawks 1 0 2 3
Senators 2 2 0 4
Shots
1 2 3 T
BlackHawks 11 3 6 20
Senators 11 27 14 52

1st period

1. Senators , Lauri Korpikoski 14 (Michael Stone, Mike Hoffman) at 0:51
2. BlackHawks , Andrew Shaw 19 (Kris Letang) at 12:33 (PP)
3. Senators , Tyler Seguin 29 (Patrick Marleau) at 14:40

Penalties :
Paul Gaustad (OTT) for Tripping (Minor) at 12:22, Drew Miller (OTT) for Holding (Minor) at 18:20

2nd period

4. Senators , Milan Michalek 6 (Luke Schenn, Drew Miller) at 3:49
5. Senators , Drew Doughty 6 (Mike Hoffman, Jason Garrison) at 14:50 (PP)

Penalties :
Shane Doan (CHI) for Slashing (Minor) at 1:35, Dion Phaneuf (CHI) for Tripping (Minor) at 6:36, Shane Doan (CHI) for Hooking (Minor) at 9:37, Shane Doan (CHI) for Tripping (Minor) at 14:21, Shane Doan (CHI) for Holding (Minor) at 15:30, Deryk Engelland (CHI) for Roughing (Minor) at 15:50, Dion Phaneuf (CHI) for Holding Stick (Minor) at 18:16

3rd period

6. BlackHawks , Jack Eichel 20 (Gabriel Landeskog, Shane Doan) at 6:30 (PP)
7. BlackHawks , Alex Galchenyuk 22 (Kris Letang, Dion Phaneuf) at 9:29

Penalties :
Jason Garrison (OTT) for Tripping (Minor) at 6:12, Mike Hoffman (OTT) for Fighting (Major) at 10:40, Andrew Shaw (CHI) for Fighting (Major) at 10:40, Andrew Shaw (CHI) for instigated a fight (Game Misconduct) at 10:40, Olli Maatta (CHI) for Hooking (Minor) at 12:13, Shane Doan (CHI) for Interference (Minor) at 16:01

Goalie Stats

Craig Anderson (CHI), 48 saves from 52 shots - (0.923), L, 16-21-3, 59:36 minutes
Tuukka Rask (OTT), 17 saves from 20 shots - (0.850), W, 21-11-4, 60:00 minutes

Players Stats for BlackHawks

Player Name              G  A  P  +/- PIM S  H  SB GA TA FO     MP     PP MP  PK MP  
------------------------------------------------------------------------------------
Adam McQuaid             0  0  0  -2  0   0  1  5  0  0  0/0    16:03   0:00   5:30 
Alex Galchenyuk          1  0  1   0  0   1  0  0  0  0  6/18   16:43   1:14   3:26 
Andrew Shaw              1  0  1   0  17  2  3  0  0  0  3/5    19:18   1:14   6:30 
Artemi Panarin           0  0  0   0  0   2  0  0  0  0  2/5    18:53   1:14   2:06 
Deryk Engelland          0  0  0  -1  2   0  2  0  0  0  0/0    16:28   0:00   3:54 
Dion Phaneuf             0  1  1   1  4   2  5  0  0  0  0/0    23:28   1:14   5:46 
Gabriel Landeskog        0  1  1  -2  0   1  2  0  0  0  13/21  22:43   1:14   9:05 
Jack Eichel              1  0  1  -2  0   3  0  0  0  0  8/22   11:59   1:14   0:00 
Jason Chimera            0  0  0   0  0   0  1  0  0  0  0/1    11:20   0:00   0:00 
John-Michael Liles       0  0  0  -1  0   2  0  2  0  0  0/0    16:01   1:14   2:25 
Kris Letang              0  2  2   1  0   0  3  4  0  0  0/0    27:40   1:14   9:45 
Michael McCarron         0  0  0   0  0   1  0  0  0  0  0/0     7:09   0:00   0:00 
Olli Maatta              0  0  0  -2  2   1  1  6  0  0  0/0    23:14   1:14   8:06 
Patrik Elias             0  0  0   0  0   0  0  1  0  0  1/1    12:10   0:00   0:50 
Sam Bennett              0  0  0   0  0   2  2  0  0  0  5/13   11:20   0:00   0:00 
Shane Doan               0  1  1  -2  10  3  2  0  0  0  0/0    11:54   1:14   0:00 
Steve Ott                0  0  0   0  0   0  0  0  0  0  5/10    3:47   0:00   1:19 
Trevor Lewis             0  0  0   0  0   0  1  0  0  0  3/7    11:20   0:00   4:11 

Players Stats for Senators

Player Name              G  A  P  +/- PIM S  H  SB GA TA FO     MP     PP MP  PK MP  
------------------------------------------------------------------------------------
Anton Lander             0  0  0   0  0   1  1  0  0  0  5/7     5:02   0:00   1:14 
Beau Bennett             0  0  0   0  0   1  1  0  0  0  0/1     6:34   2:05   1:09 
Connor Murphy            0  0  0  -1  0   0  1  0  0  0  0/0    16:30   0:18   1:35 
Drew Doughty             1  0  1  -1  0   3  0  1  0  0  0/0    23:42   8:37   0:00 
Drew Miller              0  1  1   1  2   1  0  0  0  0  0/0     9:30   0:00   0:11 
Jared Cowen              0  0  0   0  0   5  1  0  0  0  0/0    12:02   7:38   1:35 
Jason Garrison           0  1  1   1  2   5  0  0  0  0  0/0    22:11   8:19   0:00 
Lauri Korpikoski         1  0  1   0  0   4  1  0  0  0  2/3    21:07   6:54   0:00 
Luke Schenn              0  1  1   2  0   0  0  2  0  0  0/0    12:19   0:00   0:00 
Marc Methot              0  0  0   2  0   0  0  0  0  0  0/0    10:51   0:00   0:53 
Mark Stone               0  0  0   1  0   7  1  0  0  0  2/4    24:03   8:41   0:00 
Michael Stone            0  1  1   1  0   4  0  1  0  0  0/0    22:24   7:38   0:53 
Mika Zibanejad           0  0  0   0  0   3  1  0  0  0  17/33  21:07   6:54   0:00 
Mike Hoffman             0  2  2   0  5   6  0  0  0  0  2/2    18:43   5:29   0:00 
Milan Michalek           1  0  1   1  0   2  0  0  0  0  0/1    13:54   0:00   1:14 
Patrick Marleau          0  1  1   1  0   5  1  0  0  0  2/3    23:45   9:21   0:00 
Paul Gaustad             0  0  0   1  2   0  1  1  0  0  9/15    9:59   0:00   1:08 
Tyler Seguin             1  0  1   1  0   5  2  0  0  0  18/34  23:45   9:21   0:00 

3 Stars

1 - Kris Letang (CHI)
2 - Tyler Seguin (OTT)
3 - Milan Michalek (OTT)

Power Play

BlackHawks - 2 on 3 Attempt(s) - 66.67%
Senators - 1 on 10 Attempt(s) - 10.00%

Penalty Kill

BlackHawks - 9 on 10 Attempt(s) - 90.00% - Score 0 goal in Penalty Kill
Senators - 1 on 3 Attempt(s) - 33.33% - Score 0 goal in Penalty Kill

Team Stat

BlackHawks - Hits : 23 - Faceoff Wins : 46 - Blocked Shots : 18 - Penalty Minutes : 35
Senators - Hits : 11 - Faceoff Wins : 57 - Blocked Shots : 5 - Penalty Minutes : 11

Official

Referees : Frederick L'Ecuyer and Dave Lewis
Linesman : Tim Nowak and Jonny Murray

Game Notes

Steve Ott is injured at 5:56 of 2nd period (Lower Body)
Adam McQuaid is injured at 7:44 of 3rd period (Bruised Right Leg)
Mike Hoffman and Andrew Shaw fight to a draw at 10:40 of 3rd period
Andrew Shaw ejected from game at 10:40 of 3rd period

Finance

Level 1 -- Attendance: 5813 (89.43%) -- Ticket Income $581,300
Level 2 -- Attendance: 5000 (100.00%) -- Ticket Income $300,000
Level 3 -- Attendance: 3307 (94.49%) -- Ticket Income $115,745
Level 4 -- Attendance: 2700 (85.63%) -- Ticket Income $81,000
Luxury Box -- Attendance: 662 (66.20%) -- Ticket Income $165,500
Game was played at the Canadian Tire Centre.
Total Attendance: 17482 (91.28%)
Total Ticket Income: $1,243,545
Other Income: $186,532
Total Income: $1,430,077

% Time on Ice - BlackHawks

Lines # - Real PCT - Wanted PCT - Time Play
Normal Forward
1 - 26% - 34% - 10:45
2 - 28% - 33% - 11:35
3 - 28% - 22% - 11:20
4 - 18% - 11% - 7:09
Normal Defense
1 - 39% - 37% - 15:48
2 - 33% - 34% - 13:26
3 - 27% - 29% - 10:53
4 - 2% - 0% - 0:42
PP Forward
1 - 50% - 55% - 1:14
2 - 50% - 45% - 1:14
PP Defense
1 - 50% - 55% - 1:14
2 - 50% - 45% - 1:14
PK Forward
1 - 77% - 55% - 10:52
2 - 23% - 45% - 3:18
PK Defense
1 - 41% - 50% - 5:52
2 - 59% - 50% - 8:18
PK3 Forward
1 - 58% - 50% - 1:12
2 - 42% - 50% - 0:53
PK3 Defense
1 - 63% - 55% - 1:19
2 - 37% - 45% - 0:46
44 Forward
1 - 0% - 55%
2 - 0% - 45%
44 Defense
1 - 0% - 55%
2 - 0% - 45%
Last Minute Offensive  - 0:28
Last Minute Defensive  - 0:00
Total
Forward - 60:00
Defense - 60:00

% Time on Ice - Senators

Lines # - Real PCT - Wanted PCT - Time Play
Normal Forward
1 - 35% - 36% - 14:24
2 - 35% - 34% - 14:13
3 - 22% - 20% - 8:52
4 - 8% - 10% - 3:20
Normal Defense
1 - 36% - 36% - 14:37
2 - 34% - 34% - 13:53
3 - 23% - 20% - 9:30
4 - 7% - 10% - 2:49
PP Forward
1 - 58% - 50% - 9:21
2 - 42% - 50% - 6:54
PP Defense
1 - 53% - 50% - 8:37
2 - 47% - 50% - 7:38
PK Forward
1 - 50% - 50% - 1:14
2 - 50% - 50% - 1:14
PK Defense
1 - 36% - 50% - 0:53
2 - 64% - 50% - 1:35
PK3 Forward
1 - 0% - 50%
2 - 0% - 50%
PK3 Defense
1 - 0% - 50%
2 - 0% - 50%
44 Forward
1 - 0% - 52%
2 - 0% - 48%
44 Defense
1 - 0% - 52%
2 - 0% - 48%
Last Minute Offensive  - 0:00
Last Minute Defensive  - 0:28
Total
Forward - 60:00
Defense - 60:00

Play by Play

1st period


0:01 of 1st period - Tyler Seguin wins face-off versus Jack Eichel in neutral zone.
0:01 of 1st period - Mark Stone is hit by Gabriel Landeskog and loses puck.
0:12 of 1st period - Shot by Patrick Marleau.
0:12 of 1st period - Stopped by Craig Anderson without a rebound.
0:13 of 1st period - Alex Galchenyuk wins face-off versus Mika Zibanejad in BlackHawks zone.
0:13 of 1st period - Alex Galchenyuk is hit by Mika Zibanejad.
0:35 of 1st period - Shot by Mika Zibanejad.
0:35 of 1st period - Stopped by Craig Anderson with a rebound.
0:39 of 1st period - Shot by Mike Hoffman.
0:39 of 1st period - Shot Misses the Net.
0:41 of 1st period - Shot by Michael Stone.
0:41 of 1st period - Shot Misses the Net.
0:43 of 1st period - Shot by Mika Zibanejad.
0:43 of 1st period - Shot Blocked by Adam McQuaid.
0:45 of 1st period - Shot by Mike Hoffman.
0:45 of 1st period - Shot Misses the Net.
0:47 of 1st period - Shot by Lauri Korpikoski.
0:47 of 1st period - Shot Misses the Net.
0:49 of 1st period - Shot by Michael Stone.
0:49 of 1st period - Shot Blocked by Olli Maatta.
0:51 of 1st period - Shot by Lauri Korpikoski.
0:51 of 1st period - Goal by Lauri Korpikoski - BlackHawks : 0 - Senators : 1.
0:52 of 1st period - Sam Bennett wins face-off versus Paul Gaustad in neutral zone.
1:19 of 1st period - Shot by Sam Bennett.
1:19 of 1st period - Deflect By Patrik Elias.
1:19 of 1st period - Shot Blocked by Luke Schenn.
1:40 of 1st period - Icing by Sam Bennett.
1:41 of 1st period - Tyler Seguin wins face-off versus Sam Bennett in BlackHawks zone.
2:12 of 1st period - Shot by Gabriel Landeskog.
2:12 of 1st period - Stopped by Tuukka Rask without a rebound.
2:13 of 1st period - Steve Ott wins face-off versus Mika Zibanejad in Senators zone.
3:37 of 1st period - Shot by Patrick Marleau.
3:37 of 1st period - Stopped by Craig Anderson with a rebound.
4:15 of 1st period - Shot by Alex Galchenyuk.
4:15 of 1st period - Shot Misses the Net.
4:50 of 1st period - Icing by Luke Schenn.
4:51 of 1st period - Anton Lander wins face-off versus Sam Bennett in Senators zone.
5:14 of 1st period - Shot by Patrik Elias.
5:14 of 1st period - Shot Misses the Net.
5:48 of 1st period - Shot by Gabriel Landeskog.
5:48 of 1st period - Shot Misses the Net.
6:02 of 1st period - Mark Stone is hit by Gabriel Landeskog and loses puck.
6:08 of 1st period - Connor Murphy is hit by Kris Letang and loses puck.
6:11 of 1st period - Shot by Mark Stone.
6:11 of 1st period - Shot Blocked by Kris Letang.
6:22 of 1st period - Patrick Marleau is hit by Dion Phaneuf and loses puck.
6:51 of 1st period - Shot by Andrew Shaw.
6:51 of 1st period - Shot Misses the Net.
6:53 of 1st period - Shot by John-Michael Liles.
6:53 of 1st period - Stopped by Tuukka Rask without a rebound.
6:54 of 1st period - Paul Gaustad wins face-off versus Steve Ott in Senators zone.
6:56 of 1st period - Icing by Milan Michalek.
6:57 of 1st period - Paul Gaustad wins face-off versus Artemi Panarin in Senators zone.
8:06 of 1st period - Shot by Mike Hoffman.
8:06 of 1st period - Shot Misses the Net.
8:41 of 1st period - Shot by Jack Eichel.
8:41 of 1st period - Stopped by Tuukka Rask with a rebound.
8:43 of 1st period - Shot by Dion Phaneuf.
8:43 of 1st period - Stopped by Tuukka Rask without a rebound.
8:44 of 1st period - Sam Bennett wins face-off versus Tyler Seguin in Senators zone.
9:01 of 1st period - Shot by Sam Bennett.
9:01 of 1st period - Stopped by Tuukka Rask without a rebound.
9:02 of 1st period - Steve Ott wins face-off versus Beau Bennett in Senators zone.
9:15 of 1st period - Shot by Beau Bennett.
9:15 of 1st period - Shot Misses the Net.
9:35 of 1st period - Shot by Beau Bennett.
9:35 of 1st period - Stopped by Craig Anderson without a rebound.
9:36 of 1st period - Jack Eichel wins face-off versus Tyler Seguin in BlackHawks zone.
9:41 of 1st period - Shot by Jack Eichel.
9:41 of 1st period - Stopped by Tuukka Rask with a rebound.
9:59 of 1st period - Shot by Tyler Seguin.
9:59 of 1st period - Shot Misses the Net.
11:05 of 1st period - Shot by Mike Hoffman.
11:05 of 1st period - Shot Misses the Net.
11:07 of 1st period - Shot by Michael Stone.
11:07 of 1st period - Shot Blocked by John-Michael Liles.
11:09 of 1st period - Shot by Lauri Korpikoski.
11:09 of 1st period - Stopped by Craig Anderson without a rebound.
11:10 of 1st period - Alex Galchenyuk wins face-off versus Milan Michalek in BlackHawks zone.
11:24 of 1st period - Shot by Andrew Shaw.
11:24 of 1st period - Stopped by Tuukka Rask without a rebound.
11:25 of 1st period - Tyler Seguin wins face-off versus Sam Bennett in Senators zone.
11:25 of 1st period - Tyler Seguin is hit by Sam Bennett.
11:34 of 1st period - Tyler Seguin is hit by Adam McQuaid and loses puck.
12:22 of 1st period - Minor Penalty to Paul Gaustad for Tripping.
12:23 of 1st period - Anton Lander wins face-off versus Alex Galchenyuk in Senators zone.
12:23 of 1st period - Anton Lander is hit by Andrew Shaw.
12:33 of 1st period - Shot by Andrew Shaw.
12:33 of 1st period - Goal by Andrew Shaw - BlackHawks : 1 - Senators : 1.
12:34 of 1st period - Mike Hoffman wins face-off versus Steve Ott in neutral zone.
12:43 of 1st period - Shot by Mika Zibanejad.
12:43 of 1st period - Shot Misses the Net.
13:07 of 1st period - Shot by Mika Zibanejad.
13:07 of 1st period - Shot Blocked by Kris Letang.
13:38 of 1st period - Drew Doughty is hit by Andrew Shaw and loses puck.
13:45 of 1st period - Shot by Artemi Panarin.
13:45 of 1st period - Shot Misses the Net.
14:21 of 1st period - Icing by Shane Doan.
14:22 of 1st period - Paul Gaustad wins face-off versus Jack Eichel in BlackHawks zone.
14:31 of 1st period - Shot by Drew Miller.
14:31 of 1st period - Shot Misses the Net.
14:38 of 1st period - Icing by Jack Eichel.
14:39 of 1st period - Tyler Seguin wins face-off versus Jack Eichel in BlackHawks zone.
14:40 of 1st period - Shot by Patrick Marleau.
14:40 of 1st period - Deflect By Tyler Seguin.
14:40 of 1st period - Goal by Tyler Seguin - BlackHawks : 1 - Senators : 2.
14:41 of 1st period - Tyler Seguin wins face-off versus Sam Bennett in neutral zone.
15:08 of 1st period - Mark Stone is hit by Jason Chimera and loses puck.
15:19 of 1st period - Kris Letang is hit by Tyler Seguin and loses puck.
15:26 of 1st period - Shot by Mark Stone.
15:26 of 1st period - Stopped by Craig Anderson with a rebound.
15:49 of 1st period - Icing by Dion Phaneuf.
15:50 of 1st period - Paul Gaustad wins face-off versus Sam Bennett in BlackHawks zone.
16:21 of 1st period - Shot by Drew Miller.
16:21 of 1st period - Shot Misses the Net.
16:23 of 1st period - Shot by Marc Methot.
16:23 of 1st period - Shot Blocked by Adam McQuaid.
16:25 of 1st period - Shot by Drew Miller.
16:25 of 1st period - Stopped by Craig Anderson without a rebound.
16:26 of 1st period - Mika Zibanejad wins face-off versus Jack Eichel in BlackHawks zone.
16:52 of 1st period - Shot by Shane Doan.
16:52 of 1st period - Stopped by Tuukka Rask without a rebound.
16:53 of 1st period - Alex Galchenyuk wins face-off versus Tyler Seguin in Senators zone.
16:54 of 1st period - Shot by Artemi Panarin.
16:54 of 1st period - Stopped by Tuukka Rask without a rebound.
16:55 of 1st period - Andrew Shaw wins face-off versus Tyler Seguin in Senators zone.
17:08 of 1st period - Shot by Michael Stone.
17:08 of 1st period - Shot Blocked by Adam McQuaid.
17:10 of 1st period - Shot by Patrick Marleau.
17:10 of 1st period - Shot Misses the Net.
17:12 of 1st period - Shot by Jason Garrison.
17:12 of 1st period - Stopped by Craig Anderson without a rebound.
17:13 of 1st period - Jack Eichel wins face-off versus Anton Lander in BlackHawks zone.
17:19 of 1st period - Shot by Anton Lander.
17:19 of 1st period - Stopped by Craig Anderson without a rebound.
17:20 of 1st period - Andrew Shaw wins face-off versus Tyler Seguin in BlackHawks zone.
17:20 of 1st period - Andrew Shaw is hit by Patrick Marleau.
17:38 of 1st period - Michael Stone is hit by Dion Phaneuf and loses puck.
17:56 of 1st period - Tyler Seguin is hit by Dion Phaneuf.
18:20 of 1st period - Minor Penalty to Drew Miller for Holding.
18:21 of 1st period - Jack Eichel wins face-off versus Anton Lander in Senators zone.
18:26 of 1st period - Shot by Gabriel Landeskog.
18:26 of 1st period - Shot Misses the Net.
18:28 of 1st period - Shot by Shane Doan.
18:28 of 1st period - Stopped by Tuukka Rask without a rebound.
18:29 of 1st period - Paul Gaustad wins face-off versus Jack Eichel in Senators zone.
18:29 of 1st period - Connor Murphy is hit by Shane Doan and loses puck.
18:59 of 1st period - Gabriel Landeskog is hit by Jared Cowen and loses puck.
19:32 of 1st period - Shot by Artemi Panarin.
19:32 of 1st period - Shot Blocked by Paul Gaustad.
19:42 of 1st period - Kris Letang is hit by Paul Gaustad and loses puck.
Goals for this period are 1 for BlackHawks vs 2 for Senators.
Shots for this period are 11 for BlackHawks vs 11 for Senators.

2nd period


0:01 of 2nd period - Paul Gaustad wins face-off versus Alex Galchenyuk in neutral zone.
0:01 of 2nd period - Michael Stone is hit by Andrew Shaw and loses puck.
0:31 of 2nd period - Icing by Luke Schenn.
0:32 of 2nd period - Mika Zibanejad wins face-off versus Sam Bennett in Senators zone.
0:32 of 2nd period - Mika Zibanejad is hit by Sam Bennett.
1:22 of 2nd period - Icing by Luke Schenn.
1:23 of 2nd period - Lauri Korpikoski wins face-off versus Jack Eichel in Senators zone.
1:35 of 2nd period - Minor Penalty to Shane Doan for Slashing.
1:36 of 2nd period - Steve Ott wins face-off versus Patrick Marleau in BlackHawks zone.
2:10 of 2nd period - Shot by Jason Garrison.
2:10 of 2nd period - Stopped by Craig Anderson without a rebound.
2:11 of 2nd period - Mika Zibanejad wins face-off versus Steve Ott in BlackHawks zone.
2:17 of 2nd period - Off-side.
2:18 of 2nd period - Steve Ott wins face-off versus Tyler Seguin in neutral zone.
2:29 of 2nd period - Shot by Mark Stone.
2:29 of 2nd period - Stopped by Craig Anderson without a rebound.
2:30 of 2nd period - Steve Ott wins face-off versus Mika Zibanejad in BlackHawks zone.
3:09 of 2nd period - Icing by Mike Hoffman.
3:10 of 2nd period - Mika Zibanejad wins face-off versus Steve Ott in Senators zone.
3:17 of 2nd period - Shot by Mike Hoffman.
3:17 of 2nd period - Shot Hit the Post.
3:19 of 2nd period - Shot by Mika Zibanejad.
3:19 of 2nd period - Stopped by Craig Anderson without a rebound.
3:20 of 2nd period - Tyler Seguin wins face-off versus Steve Ott in BlackHawks zone.
3:31 of 2nd period - Shot by Michael Stone.
3:31 of 2nd period - Stopped by Craig Anderson with a rebound.
3:49 of 2nd period - Shot by Milan Michalek.
3:49 of 2nd period - Goal by Milan Michalek - BlackHawks : 1 - Senators : 3.
3:50 of 2nd period - Tyler Seguin wins face-off versus Alex Galchenyuk in neutral zone.
4:25 of 2nd period - Shot by Mark Stone.
4:25 of 2nd period - Shot Misses the Net.
4:27 of 2nd period - Shot by Connor Murphy.
4:27 of 2nd period - Shot Misses the Net.
4:29 of 2nd period - Shot by Tyler Seguin.
4:29 of 2nd period - Stopped by Craig Anderson with a rebound.
4:50 of 2nd period - Icing by Jason Garrison.
4:51 of 2nd period - Jack Eichel wins face-off versus Paul Gaustad in Senators zone.
4:54 of 2nd period - Shot by Shane Doan.
4:54 of 2nd period - Stopped by Tuukka Rask without a rebound.
4:55 of 2nd period - Jack Eichel wins face-off versus Paul Gaustad in Senators zone.
5:02 of 2nd period - Shot by Shane Doan.
5:02 of 2nd period - Deflect By Jack Eichel.
5:02 of 2nd period - Shot Misses the Net.
5:55 of 2nd period - Steve Ott is hit by Tyler Seguin and loses puck.
5:56 of 2nd period - Steve Ott from BlackHawks is injured at 5:56 of 2nd period (Lower Body).
5:57 of 2nd period - Tyler Seguin wins face-off versus Alex Galchenyuk in neutral zone.
6:06 of 2nd period - Shot by Artemi Panarin.
6:06 of 2nd period - Shot Misses the Net.
6:13 of 2nd period - Tyler Seguin is hit by Kris Letang and loses puck.
6:36 of 2nd period - Shot by Tyler Seguin.
6:36 of 2nd period - Stopped by Craig Anderson without a rebound.
6:36 of 2nd period - Minor Penalty to Dion Phaneuf for Tripping.
6:37 of 2nd period - Mika Zibanejad wins face-off versus Gabriel Landeskog in BlackHawks zone.
6:56 of 2nd period - Shot by Mika Zibanejad.
6:56 of 2nd period - Stopped by Craig Anderson without a rebound.
6:57 of 2nd period - Trevor Lewis wins face-off versus Tyler Seguin in BlackHawks zone.
7:22 of 2nd period - Shot by Drew Doughty.
7:22 of 2nd period - Shot Misses the Net.
7:24 of 2nd period - Shot by Drew Doughty.
7:24 of 2nd period - Shot Blocked by Olli Maatta.
7:26 of 2nd period - Shot by Tyler Seguin.
7:26 of 2nd period - Shot Blocked by Olli Maatta.
7:28 of 2nd period - Shot by Drew Doughty.
7:28 of 2nd period - Shot Blocked by Adam McQuaid.
7:30 of 2nd period - Shot by Drew Doughty.
7:30 of 2nd period - Stopped by Craig Anderson without a rebound.
7:31 of 2nd period - Gabriel Landeskog wins face-off versus Mika Zibanejad in BlackHawks zone.
7:39 of 2nd period - Icing by Mika Zibanejad.
7:40 of 2nd period - Gabriel Landeskog wins face-off versus Mika Zibanejad in Senators zone.
7:52 of 2nd period - Shot by Jared Cowen.
7:52 of 2nd period - Stopped by Craig Anderson without a rebound.
7:53 of 2nd period - Gabriel Landeskog wins face-off versus Tyler Seguin in BlackHawks zone.
8:03 of 2nd period - Icing by Jason Garrison.
8:04 of 2nd period - Gabriel Landeskog wins face-off versus Tyler Seguin in Senators zone.
8:32 of 2nd period - Shot by Tyler Seguin.
8:32 of 2nd period - Shot Misses the Net.
8:34 of 2nd period - Shot by Patrick Marleau.
8:34 of 2nd period - Stopped by Craig Anderson without a rebound.
8:35 of 2nd period - Mika Zibanejad wins face-off versus Trevor Lewis in BlackHawks zone.
8:38 of 2nd period - Shot by Mike Hoffman.
8:38 of 2nd period - Stopped by Craig Anderson with a rebound.
9:18 of 2nd period - Shot by Beau Bennett.
9:18 of 2nd period - Shot Blocked by Patrik Elias.
9:37 of 2nd period - Minor Penalty to Shane Doan for Hooking.
9:38 of 2nd period - Gabriel Landeskog wins face-off versus Mark Stone in BlackHawks zone.
10:23 of 2nd period - Icing by Mark Stone.
10:24 of 2nd period - Tyler Seguin wins face-off versus Alex Galchenyuk in Senators zone.
10:28 of 2nd period - Off-side.
10:29 of 2nd period - Trevor Lewis wins face-off versus Mika Zibanejad in neutral zone.
10:44 of 2nd period - Shot by Drew Doughty.
10:44 of 2nd period - Shot Blocked by Adam McQuaid.
10:46 of 2nd period - Shot by Jason Garrison.
10:46 of 2nd period - Shot Misses the Net.
10:48 of 2nd period - Shot by Jason Garrison.
10:48 of 2nd period - Stopped by Craig Anderson without a rebound.
10:49 of 2nd period - Gabriel Landeskog wins face-off versus Tyler Seguin in BlackHawks zone.
11:48 of 2nd period - Shot by Patrik Elias.
11:48 of 2nd period - Deflect By Sam Bennett.
11:48 of 2nd period - Shot Blocked by Luke Schenn.
11:50 of 2nd period - Shot by Jason Chimera.
11:50 of 2nd period - Shot Misses the Net.
12:00 of 2nd period - Shot by Patrik Elias.
12:00 of 2nd period - Shot Misses the Net.
12:02 of 2nd period - Shot by Dion Phaneuf.
12:02 of 2nd period - Stopped by Tuukka Rask without a rebound.
12:03 of 2nd period - Mike Hoffman wins face-off versus Artemi Panarin in Senators zone.
12:26 of 2nd period - John-Michael Liles is hit by Lauri Korpikoski and loses puck.
12:35 of 2nd period - Shot by Mike Hoffman.
12:35 of 2nd period - Shot Misses the Net.
12:37 of 2nd period - Shot by Connor Murphy.
12:37 of 2nd period - Shot Misses the Net.
12:39 of 2nd period - Shot by Connor Murphy.
12:39 of 2nd period - Shot Misses the Net.
12:56 of 2nd period - Icing by Milan Michalek.
12:57 of 2nd period - Jack Eichel wins face-off versus Paul Gaustad in Senators zone.
13:07 of 2nd period - Icing by Luke Schenn.
13:08 of 2nd period - Paul Gaustad wins face-off versus Jason Chimera in Senators zone.
13:20 of 2nd period - Icing by Dion Phaneuf.
13:21 of 2nd period - Patrick Marleau wins face-off versus Sam Bennett in BlackHawks zone.
13:50 of 2nd period - Shot by Mark Stone.
13:50 of 2nd period - Shot Misses the Net.
13:52 of 2nd period - Shot by Mark Stone.
13:52 of 2nd period - Shot Misses the Net.
13:54 of 2nd period - Shot by Patrick Marleau.
13:54 of 2nd period - Stopped by Craig Anderson with a rebound.
14:02 of 2nd period - Shot by Tyler Seguin.
14:02 of 2nd period - Shot Blocked by Kris Letang.
14:21 of 2nd period - Minor Penalty to Shane Doan for Tripping.
14:22 of 2nd period - Mika Zibanejad wins face-off versus Gabriel Landeskog in BlackHawks zone.
14:29 of 2nd period - Shot by Mike Hoffman.
14:29 of 2nd period - Stopped by Craig Anderson with a rebound.
14:33 of 2nd period - Shot by Jared Cowen.
14:33 of 2nd period - Stopped by Craig Anderson without a rebound.
14:34 of 2nd period - Andrew Shaw wins face-off versus Mika Zibanejad in BlackHawks zone.
14:50 of 2nd period - Shot by Drew Doughty.
14:50 of 2nd period - Goal by Drew Doughty - BlackHawks : 1 - Senators : 4.
14:51 of 2nd period - Patrick Marleau wins face-off versus Jack Eichel in neutral zone.
14:54 of 2nd period - Shot by Tyler Seguin.
14:54 of 2nd period - Stopped by Craig Anderson without a rebound.
14:55 of 2nd period - Tyler Seguin wins face-off versus Jack Eichel in BlackHawks zone.
15:07 of 2nd period - Icing by Olli Maatta.
15:08 of 2nd period - Mika Zibanejad wins face-off versus Jack Eichel in BlackHawks zone.
15:11 of 2nd period - Shot by Mike Hoffman.
15:11 of 2nd period - Shot Blocked by Olli Maatta.
15:13 of 2nd period - Shot by Mike Hoffman.
15:13 of 2nd period - Stopped by Craig Anderson without a rebound.
15:14 of 2nd period - Jack Eichel wins face-off versus Mika Zibanejad in BlackHawks zone.
15:30 of 2nd period - Minor Penalty to Shane Doan for Holding.
15:31 of 2nd period - Tyler Seguin wins face-off versus Andrew Shaw in BlackHawks zone.
15:50 of 2nd period - Minor Penalty to Deryk Engelland for Roughing.
15:51 of 2nd period - Gabriel Landeskog wins face-off versus Mika Zibanejad in BlackHawks zone.
15:57 of 2nd period - Icing by Mika Zibanejad.
15:58 of 2nd period - Trevor Lewis wins face-off versus Mika Zibanejad in Senators zone.
16:05 of 2nd period - Shot by Olli Maatta.
16:05 of 2nd period - Stopped by Tuukka Rask without a rebound.
16:06 of 2nd period - Gabriel Landeskog wins face-off versus Mika Zibanejad in Senators zone.
16:37 of 2nd period - Shot by Michael Stone.
16:37 of 2nd period - Shot Misses the Net.
16:39 of 2nd period - Shot by Lauri Korpikoski.
16:39 of 2nd period - Shot Misses the Net.
16:41 of 2nd period - Shot by Jared Cowen.
16:41 of 2nd period - Stopped by Craig Anderson with a rebound.
16:43 of 2nd period - Shot by Lauri Korpikoski.
16:43 of 2nd period - Shot Misses the Net.
16:47 of 2nd period - Shot by Mike Hoffman.
16:47 of 2nd period - Stopped by Craig Anderson with a rebound.
16:49 of 2nd period - Shot by Jared Cowen.
16:49 of 2nd period - Stopped by Craig Anderson with a rebound.
17:18 of 2nd period - Shot by Tyler Seguin.
17:18 of 2nd period - Shot Misses the Net.
17:20 of 2nd period - Shot by Drew Doughty.
17:20 of 2nd period - Stopped by Craig Anderson without a rebound.
17:21 of 2nd period - Tyler Seguin wins face-off versus Gabriel Landeskog in BlackHawks zone.
17:50 of 2nd period - Shot by Mark Stone.
17:50 of 2nd period - Stopped by Craig Anderson without a rebound.
17:51 of 2nd period - Patrik Elias wins face-off versus Paul Gaustad in BlackHawks zone.
18:02 of 2nd period - Shot by Milan Michalek.
18:02 of 2nd period - Stopped by Craig Anderson without a rebound.
18:03 of 2nd period - Alex Galchenyuk wins face-off versus Mika Zibanejad in BlackHawks zone.
18:13 of 2nd period - Mika Zibanejad is hit by Dion Phaneuf.
18:16 of 2nd period - Minor Penalty to Dion Phaneuf for Holding Stick.
18:17 of 2nd period - Tyler Seguin wins face-off versus Gabriel Landeskog in BlackHawks zone.
18:28 of 2nd period - Shot by Patrick Marleau.
18:28 of 2nd period - Shot Misses the Net.
18:30 of 2nd period - Shot by Michael Stone.
18:30 of 2nd period - Stopped by Craig Anderson without a rebound.
18:31 of 2nd period - Mika Zibanejad wins face-off versus Trevor Lewis in BlackHawks zone.
19:08 of 2nd period - Shot by Mike Hoffman.
19:08 of 2nd period - Shot Misses the Net.
19:16 of 2nd period - Shot by Mike Hoffman.
19:16 of 2nd period - Shot Misses the Net.
19:42 of 2nd period - Shot by Patrick Marleau.
19:42 of 2nd period - Stopped by Craig Anderson without a rebound.
19:43 of 2nd period - Mark Stone wins face-off versus Trevor Lewis in BlackHawks zone.
19:50 of 2nd period - Shot by Jared Cowen.
19:50 of 2nd period - Shot Misses the Net.
Goals for this period are 0 for BlackHawks vs 2 for Senators.
Shots for this period are 3 for BlackHawks vs 27 for Senators.

3rd period


0:01 of 3rd period - Gabriel Landeskog wins face-off versus Mika Zibanejad in neutral zone.
0:07 of 3rd period - Icing by Michael Stone.
0:08 of 3rd period - Mika Zibanejad wins face-off versus Gabriel Landeskog in Senators zone.
0:35 of 3rd period - Shot by John-Michael Liles.
0:35 of 3rd period - Stopped by Tuukka Rask without a rebound.
0:36 of 3rd period - Mika Zibanejad wins face-off versus Jack Eichel in Senators zone.
0:49 of 3rd period - Shot by Mike Hoffman.
0:49 of 3rd period - Stopped by Craig Anderson without a rebound.
0:50 of 3rd period - Alex Galchenyuk wins face-off versus Tyler Seguin in BlackHawks zone.
1:27 of 3rd period - Shot by Andrew Shaw.
1:27 of 3rd period - Deflect By Artemi Panarin.
1:27 of 3rd period - Stopped by Tuukka Rask without a rebound.
1:28 of 3rd period - Lauri Korpikoski wins face-off versus Jack Eichel in Senators zone.
2:06 of 3rd period - Icing by Jason Garrison.
2:07 of 3rd period - Mika Zibanejad wins face-off versus Sam Bennett in Senators zone.
2:57 of 3rd period - Patrik Elias is hit by Connor Murphy and loses puck.
3:40 of 3rd period - Shot by Artemi Panarin.
3:40 of 3rd period - Shot Misses the Net.
3:42 of 3rd period - Shot by Alex Galchenyuk.
3:42 of 3rd period - Shot Blocked by Drew Doughty.
4:08 of 3rd period - Icing by Paul Gaustad.
4:09 of 3rd period - Paul Gaustad wins face-off versus Gabriel Landeskog in Senators zone.
4:09 of 3rd period - Milan Michalek is hit by Trevor Lewis and loses puck.
4:44 of 3rd period - Shot by Gabriel Landeskog.
4:44 of 3rd period - Deflect By Michael McCarron.
4:44 of 3rd period - Stopped by Tuukka Rask with a rebound.
5:24 of 3rd period - Icing by Dion Phaneuf.
5:25 of 3rd period - Mika Zibanejad wins face-off versus Andrew Shaw in BlackHawks zone.
5:26 of 3rd period - Shot by Mike Hoffman.
5:26 of 3rd period - Deflect By Lauri Korpikoski.
5:26 of 3rd period - Stopped by Craig Anderson without a rebound.
5:27 of 3rd period - Mika Zibanejad wins face-off versus Alex Galchenyuk in BlackHawks zone.
5:27 of 3rd period - Mike Hoffman is hit by Kris Letang.
6:07 of 3rd period - Shot by Artemi Panarin.
6:07 of 3rd period - Shot Blocked by Michael Stone.
6:11 of 3rd period - Shot by Artemi Panarin.
6:11 of 3rd period - Shot Misses the Net.
6:12 of 3rd period - Minor Penalty to Jason Garrison for Tripping.
6:13 of 3rd period - Jack Eichel wins face-off versus Paul Gaustad in Senators zone.
6:30 of 3rd period - Shot by Jack Eichel.
6:30 of 3rd period - Goal by Jack Eichel - BlackHawks : 2 - Senators : 4.
6:31 of 3rd period - Sam Bennett wins face-off versus Tyler Seguin in neutral zone.
6:47 of 3rd period - Shot by Mark Stone.
6:47 of 3rd period - Stopped by Craig Anderson without a rebound.
6:48 of 3rd period - Anton Lander wins face-off versus Artemi Panarin in BlackHawks zone.
6:48 of 3rd period - Anton Lander is hit by Dion Phaneuf.
6:56 of 3rd period - Shot by Milan Michalek.
6:56 of 3rd period - Shot Misses the Net.
7:10 of 3rd period - Dion Phaneuf is hit by Beau Bennett and loses puck.
7:43 of 3rd period - Adam McQuaid is hit by Anton Lander.
7:44 of 3rd period - Adam McQuaid from BlackHawks is injured at 7:44 of 3rd period (Bruised Right Leg).
7:45 of 3rd period - Tyler Seguin wins face-off versus Jack Eichel in BlackHawks zone.
7:56 of 3rd period - Shot by Mark Stone.
7:56 of 3rd period - Shot Misses the Net.
8:12 of 3rd period - Shot by Tyler Seguin.
8:12 of 3rd period - Shot Misses the Net.
8:40 of 3rd period - Icing by Dion Phaneuf.
8:41 of 3rd period - Sam Bennett wins face-off versus Mika Zibanejad in BlackHawks zone.
8:50 of 3rd period - Shot by Sam Bennett.
8:50 of 3rd period - Stopped by Tuukka Rask without a rebound.
8:51 of 3rd period - Paul Gaustad wins face-off versus Alex Galchenyuk in Senators zone.
8:59 of 3rd period - Icing by Dion Phaneuf.
9:00 of 3rd period - Mika Zibanejad wins face-off versus Alex Galchenyuk in BlackHawks zone.
9:11 of 3rd period - Shot by Mike Hoffman.
9:11 of 3rd period - Deflect By Mika Zibanejad.
9:11 of 3rd period - Shot Misses the Net.
9:29 of 3rd period - Shot by Alex Galchenyuk.
9:29 of 3rd period - Goal by Alex Galchenyuk - BlackHawks : 3 - Senators : 4.
9:30 of 3rd period - Tyler Seguin wins face-off versus Jack Eichel in neutral zone.
9:30 of 3rd period - Tyler Seguin is hit by Shane Doan.
9:36 of 3rd period - Shot by Mark Stone.
9:36 of 3rd period - Stopped by Craig Anderson without a rebound.
9:37 of 3rd period - Tyler Seguin wins face-off versus Jack Eichel in BlackHawks zone.
9:37 of 3rd period - Mark Stone is hit by Olli Maatta and loses puck.
9:54 of 3rd period - Shot by Mark Stone.
9:54 of 3rd period - Stopped by Craig Anderson without a rebound.
9:55 of 3rd period - Artemi Panarin wins face-off versus Lauri Korpikoski in BlackHawks zone.
9:57 of 3rd period - Icing by Andrew Shaw.
9:58 of 3rd period - Mika Zibanejad wins face-off versus Alex Galchenyuk in BlackHawks zone.
10:03 of 3rd period - Shot by Mike Hoffman.
10:03 of 3rd period - Shot Misses the Net.
10:05 of 3rd period - Shot by Mike Hoffman.
10:05 of 3rd period - Stopped by Craig Anderson with a rebound.
10:07 of 3rd period - Shot by Mika Zibanejad.
10:07 of 3rd period - Shot Blocked by John-Michael Liles.
10:14 of 3rd period - Mike Hoffman is hit by Deryk Engelland and loses puck.
10:34 of 3rd period - Mika Zibanejad is hit by Deryk Engelland and loses puck.
10:40 of 3rd period - Mike Hoffman and Andrew Shaw fight to a draw.
10:40 of 3rd period - Penalty to Mike Hoffman for Fighting.
10:40 of 3rd period - Penalty to Andrew Shaw for Fighting.
10:40 of 3rd period - Penalty to Andrew Shaw for instigated a fight.
10:40 of 3rd period - Andrew Shaw is ejected from game.
10:41 of 3rd period - Gabriel Landeskog wins face-off versus Mark Stone in BlackHawks zone.
10:53 of 3rd period - Icing by Michael Stone.
10:54 of 3rd period - Gabriel Landeskog wins face-off versus Tyler Seguin in Senators zone.
12:12 of 3rd period - Shot by Lauri Korpikoski.
12:12 of 3rd period - Stopped by Craig Anderson without a rebound.
12:13 of 3rd period - Mark Stone wins face-off versus Trevor Lewis in BlackHawks zone.
12:13 of 3rd period - Minor Penalty to Olli Maatta for Hooking.
12:14 of 3rd period - Tyler Seguin wins face-off versus Gabriel Landeskog in BlackHawks zone.
12:15 of 3rd period - Shot by Mark Stone.
12:15 of 3rd period - Stopped by Craig Anderson without a rebound.
12:16 of 3rd period - Gabriel Landeskog wins face-off versus Tyler Seguin in BlackHawks zone.
14:19 of 3rd period - Shot by Drew Miller.
14:19 of 3rd period - Shot Blocked by Olli Maatta.
15:14 of 3rd period - Icing by Drew Doughty.
15:15 of 3rd period - Artemi Panarin wins face-off versus Mika Zibanejad in Senators zone.
16:01 of 3rd period - Minor Penalty to Shane Doan for Interference.
16:02 of 3rd period - Gabriel Landeskog wins face-off versus Tyler Seguin in BlackHawks zone.
16:08 of 3rd period - Icing by Tyler Seguin.
16:09 of 3rd period - Tyler Seguin wins face-off versus Gabriel Landeskog in Senators zone.
16:14 of 3rd period - Shot by Michael Stone.
16:14 of 3rd period - Stopped by Craig Anderson with a rebound.
16:39 of 3rd period - Shot by Tyler Seguin.
16:39 of 3rd period - Shot Blocked by Olli Maatta.
16:41 of 3rd period - Shot by Beau Bennett.
16:41 of 3rd period - Deflect By Tyler Seguin.
16:41 of 3rd period - Stopped by Craig Anderson without a rebound.
16:42 of 3rd period - Mika Zibanejad wins face-off versus Alex Galchenyuk in BlackHawks zone.
16:59 of 3rd period - Shot by Mika Zibanejad.
16:59 of 3rd period - Shot Misses the Net.
17:05 of 3rd period - Shot by Drew Doughty.
17:05 of 3rd period - Shot Blocked by Kris Letang.
17:11 of 3rd period - Shot by Jason Garrison.
17:11 of 3rd period - Stopped by Craig Anderson with a rebound.
17:50 of 3rd period - Shot by Mark Stone.
17:50 of 3rd period - Shot Misses the Net.
17:52 of 3rd period - Shot by Michael Stone.
17:52 of 3rd period - Stopped by Craig Anderson with a rebound.
17:54 of 3rd period - Shot by Jared Cowen.
17:54 of 3rd period - Stopped by Craig Anderson without a rebound.
17:55 of 3rd period - Alex Galchenyuk wins face-off versus Mika Zibanejad in BlackHawks zone.
18:28 of 3rd period - BlackHawks, Craig Anderson is pulled from the net.
18:51 of 3rd period - Icing by Kris Letang.
18:52 of 3rd period - Craig Anderson from BlackHawks was sent back in the game.
18:52 of 3rd period - Sam Bennett wins face-off versus Tyler Seguin in BlackHawks zone.
18:52 of 3rd period - Sam Bennett is hit by Mark Stone.
19:29 of 3rd period - Shot by Tyler Seguin.
19:29 of 3rd period - Shot Misses the Net.
19:31 of 3rd period - Shot by Jason Garrison.
19:31 of 3rd period - Stopped by Craig Anderson without a rebound.
19:32 of 3rd period - Anton Lander wins face-off versus Alex Galchenyuk in BlackHawks zone.
19:48 of 3rd period - Icing by Olli Maatta.
19:49 of 3rd period - Anton Lander wins face-off versus Alex Galchenyuk in BlackHawks zone.
Goals for this period are 2 for BlackHawks vs 0 for Senators.
Shots for this period are 6 for BlackHawks vs 14 for Senators.